AoeStats
← 中山路59號

Arabia

510465819Analyzed
1v1 RM · 2d ago on Oct 1, 2026· 29m 8s· 2 players
Game mode
Random Map
Map size
Tiny (2 player)
Population
200
Speed
Normal
Resources
Standard
Victory
Conquest
Starting age
Dark Age
Ending age
Imperial Age
RankedLock teamsTeams togetherTeam positionsShared explorationLock speedFull tech treeHidden civsTurbo modeCheats
Victory
Defeat
🇹🇼 Huns · Taiwan
1391
+17
🇨🇳 Mongols · China
1405
-17
中山路59號
6:19 Loom
9:03 Feudal Age
14:15 Horse Collar
17:01 Double-Bit Axe
23:05 Castle Age
21:31 Fletching
21:58 Padded Archer Armor
23:18 Bloodlines
26:12 Scale Barding Armor
28:41 Bodkin Arrow
29:22 Heavy Plow
ROCK
8:48 Feudal Age
9:12 Loom
8:57 Man-at-Arms
17:13 Double-Bit Axe
18:42 Fletching
20:36 Padded Archer Armor
21:35 Gold Mining
23:01 Forging
27:52 Castle Age
28:59 Bodkin Arrow
Connection lost

Rejoining the realm…

Still unreachable

The connection could not be restored.

Session expired

The server has moved on; the page needs a fresh start.